 Dungeon Crawl Stone Soup version 0.16.0-16-g311141a (webtiles) character file.

3370 hulla the Transmogrifier (level 10, -10/63 HPs)
             Began as an Octopode Transmuter on Mar 19, 2015.
             Was a Follower of Makhleb.
             Mangled by a wolf (11 damage)
             ... on level 7 of the Dungeon.
             The game lasted 01:35:02 (9805 turns).

hulla the Transmogrifier (Octopode Transmuter)      Turns: 9805, Time: 01:35:02

Health: -10/63     AC:  2    Str: 11    XL:     10   Next: 3%
Magic:  2/16       EV: 23    Int: 18    God:    Makhleb [*.....]
Gold:   430        SH:  0    Dex: 17    Spells: 4 memorised, 3 levels left

rFire  . . .     SeeInvis +       - Unarmed
rCold  + . .     Clarity  .     (shield currently unavailable)
rNeg   . . .     SustAb   .     (helmet currently unavailable)
rPois  x         Gourm    .     (no amulet)
rElec  .         Spirit   .     G - ring of see invisible
rCorr  .         Warding  .     r - ring of protection from cold
rMut   .         Stasis   .     (no ring)
MR     .....                    (no ring)
Stlth  +++.......               (no ring)
                                (no ring)
                                (no ring)
                                (no ring)

@: spider-form, not resistant to hostile enchantments, fairly stealthy
A: almost no armour, amphibious, 8 rings, (constrict 8), (camouflage 0),
(gelatinous body 0)
a: End Transformation, Renounce Religion


You were on level 7 of the Dungeon.
You worshipped Makhleb.
Makhleb was aware of your devotion.
You were not hungry.
You were a venomous arachnid creature.
You visited 1 branch of the dungeon, and saw 8 of its levels.

You collected 430 gold pieces.

Inventory:

Hand weapons
 a - a +0 hunting sling
 i - a +0 trident of piercing
 q - a +0 dagger of flaming
 t - a +1 whip of freezing
 F - a +2 dagger of draining
 O - a +2 falchion of protection
Missiles
 b - 135 arrows
 c - 262 stones
 p - 87 sling bullets
 K - 3 tomahawks (quivered)
 M - 16 poisoned needles
Magical staves
 u - an uncursed staff of poison
Jewellery
 r - a ring of protection from cold (right front leg)
 G - a ring of see invisible (left front leg)
 H - an uncursed ring of teleportation
Magical devices
 j - a wand of enslavement (12)
 x - a wand of slowing (19)
 z - a wand of slowing (13)
 C - a wand of frost (12)
 P - a wand of slowing (19)
 Q - a wand of polymorph (14)
Scrolls
 e - 2 scrolls of remove curse
 h - a scroll of noise {unknown}
 m - 2 scrolls of identify
 y - 3 scrolls of teleportation {unknown}
 A - a scroll of blinking {unknown}
 L - 2 scrolls of random uselessness {unknown}
 T - a scroll of amnesia {unknown}
Potions
 l - 2 potions of flight {unknown}
 n - 8 potions of curing
 o - a potion of cure mutation {unknown}
 s - 2 potions of restore abilities {unknown}
 v - a potion of cancellation {unknown}
 w - a potion of might
 B - 2 potions of heal wounds {unknown}
 D - a potion of poison {unknown}
 E - a potion of haste {unknown}
 N - a potion of lignification {unknown}
 R - a potion of agility {unknown}
Books
 d - a book of Changes

   Spells                             Type                      Level
   a - Beastly Appendage              Transmutation                1
   b - Sticks to Snakes               Transmutation                2
   c - Spider Form                    Transmutation/Poison         3
   d - Ice Form                       Ice/Transmutation            4
   e - Blade Hands                    Transmutation                5
Comestibles
 f - 4 beef jerkies
 g - 3 fruits
 k - 5 meat rations
 I - 7 slices of pizza
 J - 7 bread rations


   Skills:
 + Level 3.9 Fighting
 - Level 5.0 Dodging
 - Level 4.0 Stealth
 + Level 5.0 Unarmed Combat
 - Level 2.0 Spellcasting
 + Level 9.6 Transmutations
 - Level 5.1 Ice Magic
 - Level 4.0 Poison Magic


You had 3 spell levels left.
You knew the following spells:

 Your Spells              Type           Power        Failure   Level  Hunger
a - Beastly Appendage     Trmt           #####.       3%          1    #......
b - Spider Form           Trmt/Pois      ####......   12%         3    ###....
c - Ice Form              Ice/Trmt       ####....     28%         4    #####..
d - Sticks to Snakes      Trmt           #####.....   3%          2    ###....


Dungeon Overview and Level Annotations

Branches:
Dungeon (8/15)             Temple (0/1) D:7
   Lair: D:8-11

Altars:
Ashenzari
Cheibriados
Dithmenos
Fedhas
Kikubaaqudgha
Makhleb
Qazlal
Trog
Yredelemnul

Annotations:
D:8 Vidiiot's ghost, experienced OpSu


Innate Abilities, Weirdness & Mutations

You cannot wear most types of armour.
You are amphibious.
You can wear up to eight rings at the same time.
((You can use your tentacles to constrict many enemies at once.))
((Your skin changes colour to match your surroundings (Stealth).))
((Your rubbery body absorbs attacks (AC +1).))


Message History

The polar bear claws you but does no damage.
The polar bear barely misses you.
You hit the polar bear.
You kill the polar bear!
Makhleb accepts your kill.
Your Unarmed Combat skill increases to level 5!
You have reached level 10!
You feel stronger.
The hound pauses to sniff the ground.
The wolf barely misses you.
Drink which item? (? for menu, Esc to quit)
Okay, then.
The wolf bites you!
* * * LOW HITPOINT WARNING * * *
Casting: Ice Form
Confirm with . or Enter, or press ? or * to list all spells.
You warm up again.
You turn into a venomous arachnid creature.
The wolf completely misses you. The wolf bites you!
You die...

#.# #. #.# #. #.#
## #<# #.#
##.############
#.............#
#.###########.#
#s# #.# #h#
########.# #h#
#........#
#h#############
#hh.).......#.####
#YH..h............
##(...H.....#.####
####H'''####.#
#B.......##.#


You could see a griffon, 3 polar bears, a yak, a wolf and a hound.

Vanquished Creatures
  Grinder (D:3)
  A polar bear (D:7)
  A yak (D:7)
  A hog (D:7)
  A human (D:7)
  A sky beast (D:6)
  2 ice beasts
  An orc warrior (D:6)
  An ogre (D:5)
  3 phantoms
  2 necrophages (D:6)
  Sigmund (D:3)
  A centaur (D:6)
  3 big kobolds (D:5)
  A giant frog (D:6)
  A goliath beetle (D:6)
  5 crimson imps
  3 orc priests (D:6)
  A jelly (D:7)
  3 hounds
  An orc wizard (D:4)
  5 worker ants
  2 sheep (D:7)
  6 iguanas
  Jessica (D:2)
  A hound zombie (D:5)
  3 hound skeletons
  7 gnolls
  Robin (D:3)
  10 adders
  A shadow imp (D:7)
  5 worms
  An adder skeleton (D:4)
  2 giant geckos
  27 orcs
  17 bats
  A bat skeleton (D:7)
  6 giant cockroaches
  43 goblins
  34 hobgoblins
  23 jackals
  4 quokkas
  A ball python (D:1)
  A giant gecko skeleton (D:6)
  5 giant newts
  26 kobolds
  2 quokka zombies
  5 rats
275 creatures vanquished.

Vanquished Creatures (others)
  A giant spore (D:6)
  A kobold (D:6)
2 creatures vanquished.

Grand Total: 277 creatures vanquished

Notes
Turn   | Place    | Note
--------------------------------------------------------------
     0 | D:1      | hulla, the Octopode Transmuter, began the quest for the Orb.
     0 | D:1      | Reached XP level 1. HP: 13/13 MP: 3/3
   473 | D:1      | Reached XP level 2. HP: 16/18 MP: 4/4
   721 | D:2      | Found a stormy altar of Qazlal.
   747 | D:2      | Noticed Robin
   983 | D:2      | Reached XP level 3. HP: 23/23 MP: 6/6
   988 | D:2      | Learned a level 3 spell: Spider Form
  1225 | D:2      | Reached skill level 1 in Poison Magic
  1232 | D:2      | Noticed Sigmund
  1422 | D:2      | Noticed Jessica
  1425 | D:2      | Killed Jessica
  1425 | D:2      | Reached XP level 4. HP: 2/28 MP: 7/7
  1432 | D:2      | HP: 1/28 [poisoned by an adder]
  1750 | D:2      | Found a shattered altar of Ashenzari.
  1911 | D:2      | Found a shadowy altar of Dithmenos.
  1988 | D:2      | Found a stormy altar of Qazlal.
  2696 | D:3      | Reached skill level 4 in Transmutations
  2701 | D:3      | Killed Sigmund
  2701 | D:3      | Reached XP level 5. HP: 10/33 MP: 5/9
  2723 | D:3      | HP: 1/33 [poisoned by an adder]
  3025 | D:3      | Found a basalt altar of Yredelemnul.
  3358 | D:3      | Reached XP level 6. HP: 36/38 MP: 6/10
  3411 | D:3      | Killed Robin
  3411 | D:3      | Reached skill level 1 in Stealth
  3752 | D:3      | Learned a level 4 spell: Ice Form
  3816 | D:3      | Noticed Grinder
  3834 | D:3      | Killed Grinder
  3834 | D:3      | Reached skill level 5 in Transmutations
  3834 | D:3      | Reached XP level 7. HP: 13/43 MP: 9/12
  4084 | D:3      | Found a snail-covered altar of Cheibriados.
  4234 | D:3      | Learned a level 2 spell: Sticks to Snakes
  4691 | D:4      | Found a bloodstained altar of Trog.
  5220 | D:5      | Entered Level 5 of the Dungeon
  5296 | D:5      | Reached skill level 6 in Transmutations
  5296 | D:5      | Reached skill level 1 in Ice Magic
  5624 | D:5      | Found an ancient bone altar of Kikubaaqudgha.
  5780 | D:5      | Reached XP level 8. HP: 48/48 MP: 8/13
  6637 | D:5      | Reached skill level 7 in Transmutations
  7339 | D:6      | Reached skill level 5 in Dodging
  7691 | D:6      | Reached skill level 8 in Transmutations
  7693 | D:6      | Reached XP level 9. HP: 46/53 MP: 9/14
  7986 | D:6      | Found a burning altar of Makhleb.
  7994 | D:6      | Reached skill level 5 in Ice Magic
  8012 | D:6      | Became a worshipper of Makhleb the Destroyer
  8045 | D:6      | Found a blossoming altar of Fedhas.
  8226 | D:7      | Reached skill level 9 in Transmutations
  8371 | D:7      | Noticed a griffon
  8588 | D:7      | Found a huge runed gate.
  8589 | D:7      | Found a huge runed gate.
  8589 | D:7      | Found a huge runed gate.
  8589 | D:7      | Found a huge runed gate.
  9004 | D:7      | Found a staircase to the Ecumenical Temple.
  9203 | D:7      | Acquired Makhleb's first power
  9330 | D:7      | Noticed a griffon
  9658 | D:8      | Noticed Vidiiot's ghost (experienced OpSu)
  9802 | D:7      | Reached skill level 5 in Unarmed Combat
  9802 | D:7      | Reached XP level 10. HP: 9/63 MP: 5/16
  9804 | D:7      | HP: 2/75 [wolf (7)]
  9805 | D:7      | Mangled by a wolf

Action                   |  1- 3 |  4- 6 |  7- 9 | 10-12 || total
-------------------------+-------+-------+-------+-------++-------
Melee: Unarmed           |    34 |   111 |   347 |       ||   492
       Trident           |    36 |       |       |       ||    36
       Staff             |       |    20 |     5 |       ||    25
       Whip              |       |       |    33 |       ||    33
       Falchion          |       |       |     2 |       ||     2
 Fire: Hunting sling     |       |       |    75 |       ||    75
Throw: Stone             |     7 |    16 |    49 |       ||    72
       Tomahawk          |       |     7 |    28 |       ||    35
 Cast: Beastly Appendage |     5 |     6 |     8 |       ||    19
       Spider Form       |       |     8 |    35 |     1 ||    44
       Sticks to Snakes  |       |       |     5 |       ||     5
       Ice Form          |       |       |     7 |       ||     7
 Abil: End Transformatio |       |     1 |     3 |       ||     4
  Use: Potion            |     1 |       |     1 |       ||     2
       Scroll            |       |       |     6 |       ||     6
 Stab: Sleeping          |     5 |     4 |    14 |       ||    23
       Distracted        |       |       |     1 |       ||     1
  Eat: Chunk             |     2 |     8 |    27 |       ||    37
